 Dungeon Crawl Stone Soup version 0.27.1-33-g824d729ab1 (webtiles) character file.

Game seed: 2100074230605529178

22171 austinbyrn the Blocker (level 12, -7/80 HPs)
             Began as a Gargoyle Fighter on Dec 10, 2021.
             Was a High Priest of Okawaru.
             Mangled by a skeletal warrior (12 damage)
             ... led by a skeletal warrior
             ... on level 12 of the Dungeon.
             The game lasted 00:34:26 (17303 turns).

austinbyrn the Blocker (Gargoyle Fighter)          Turns: 17303, Time: 00:34:26

Health: -7/80      AC: 28    Str: 30    XL:     12   Next: 97%
Magic:  10/17      EV: 13    Int: 12    God:    Okawaru [*****.]
Gold:   767        SH: 16    Dex: 11    Spells: 11/11 levels left

rFire    + . .     SeeInvis .   f - +4 demon whip (freeze)
rCold    . . .     Faith    .   c - +0 kite shield
rNeg     + + .     Spirit   .   F - +1 ring mail "Vautho Adak" {rF+ Int+2}
rPois    ∞         Reflect  .   (no helmet)
rElec    +         Harm     .   H - +2 cloak of Waohatzo {Dex+2}
rCorr    .         Rampage  .   v - +1 pair of gloves
Will     +++..     Clarity  +   (no boots)
Stlth    ++........             p - amulet of the Four Winds {rN+ Will+++ Clar}
HPRegen  0.23/turn              B - +4 ring of protection
MPRegen  0.15/turn              g - +6 ring of strength

@: mighty, heroic, finesse-ful, invisible
A: sickness immunity, AC +8, negative energy resistance 1, electricity
resistance, torment resistance 1, petrification resistance
a: Renounce Religion, Heroism, Finesse


You were on level 12 of the Dungeon.
You worshipped Okawaru.
Okawaru was extremely pleased with you.
You visited 2 branches of the dungeon, and saw 13 of its levels.
You also visited: Bailey.

You collected 767 gold pieces.

Inventory:

Hand Weapons
 f - a +4 demon whip of freezing (weapon)
Missiles
 e - 7 curare-tipped darts (quivered)
 h - 37 poisoned darts
 o - 4 silver javelins
 w - 2 throwing nets
 A - 7 atropa-tipped darts
Armour
 c - a +0 kite shield (worn)
 v - a +1 pair of gloves (worn)
 D - +0 steam dragon scales
 F - the +1 ring mail "Vautho Adak" (worn) {rF+ Int+2}
   (You found it on level 5 of the Dungeon)

   Int:       It affects your intelligence (+2).
   rF:        It protects you from fire.
 H - the +2 cloak of Waohatzo (worn) {Dex+2}
   (You found it on level 10 of the Dungeon)

   Dex:       It affects your dexterity (+2).
Jewellery
 b - a ring of protection from fire
 g - a +6 ring of strength (right hand)
 p - the amulet of the Four Winds (around neck) {rN+ Will+++ Clar}
   (You found it on level 7 of the Dungeon)

   [amulet of nothing]

   rN:        It protects you from negative energy.
   Clar:      It protects you against confusion.
   Will:      It greatly increases your willpower.
 r - a ring of positive energy
 y - a ring of ice
 B - a +4 ring of protection (left hand)
 M - a +4 ring of protection
Wands
 t - a wand of flame (44)
 u - a wand of polymorph (12)
 G - a wand of iceblast (5)
Scrolls
 j - 3 scrolls of teleportation
 m - 3 scrolls of enchant armour
 q - a scroll of summoning
 s - a scroll of immolation
 z - 2 scrolls of amnesia
 K - a scroll of blinking
 L - a scroll of silence
 N - a scroll of enchant weapon
Potions
 a - 3 potions of ambrosia
 i - a potion of berserk rage
 k - 3 potions of lignification
 l - 2 potions of attraction
 n - 4 potions of curing
 x - 3 potions of mutation
 C - a potion of resistance
 E - 2 potions of brilliance


   Skills:
 + Level 11.1(16.1) Fighting
 * Level 11.7(16.7) Maces & Flails
 + Level 8.8(13.8) Armour
 * Level 12.8(17.8) Shields
 + Level 6.6 Invocations


You had 11 spell levels left.
You didn't know any spells.
Your spell library contained the following spells:

 Spells                   Type           Power      Damage    Failure   Level
 Magic Dart               Conj           0%         1d3       38%         1
 Blink                    Tloc           N/A        N/A       54%         2
 Call Imp                 Summ           0%         N/A       54%         2
 Frozen Ramparts          Ice            0%         1d2       77%         3
 Lesser Beckoning         Tloc           0%         N/A       77%         3
 Mephitic Cloud           Conj/Pois/Air  0%         N/A       77%         3
 Ice Form                 Ice/Tmut       0%         N/A       99%         4
 Summon Ice Beast         Ice/Summ       0%         N/A       99%         4
 Blade Hands              Tmut           0%         N/A       100%        5
 Irradiate                Conj/Tmut      0%         3d13      100%        5
 Manifold Assault         Tloc           0%         N/A       100%        5
 Dragon Form              Tmut           0%         N/A       100%        7
 Storm Form               Tmut/Air       0%         N/A       100%        7


Dungeon Overview and Level Annotations

Branches:
Dungeon (12/15)            Temple (1/1) D:6            Lair (0/6) D:10
 Bailey (visited)
    Orc: D:9-12

Altars:
Ashenzari
Cheibriados
Dithmenos
Elyvilon
Fedhas
Gozag
Hepliaklqana
Kikubaaqudgha
Makhleb
Nemelex Xobeh
Okawaru
Qazlal
Ru
Sif Muna
Trog
Uskayaw
Vehumet
Wu Jian
Xom
Yredelemnul
Zin
The Shining One

Shops:
D:4 (   D:12 !


Innate Abilities, Weirdness & Mutations

You are immune to sickness and miasma.
Your stone body is resilient. (AC +8)
You are immune to poison.
You resist negative energy. (rN+)
You are resistant to electric shocks. (rElec)
You are resistant to unholy torment.
You are immune to petrification.


Message History

The skeletal warrior hits you but does no damage.
You hit the skeletal warrior but do no damage.
The skeletal warrior is moderately damaged.
The skeletal warrior hits you from afar with a +0 trident!
You feel very mighty all of a sudden.
You block the skeletal warrior's attack.
The skeletal warrior closely misses you. x2
You hit the skeletal warrior. You freeze the skeletal warrior.
The skeletal warrior is moderately damaged.
You whack the skeletal warrior! You freeze the skeletal warrior.
The skeletal warrior is moderately damaged.
You whack the skeletal warrior! You freeze the skeletal warrior.
The skeletal warrior is heavily damaged.
The skeletal warrior hits you with a +0 flail.
* * * LOW HITPOINT WARNING * * *
You closely miss the skeletal warrior.
The skeletal warrior is heavily damaged.
You block the skeletal warrior's attack.
The skeletal warrior closely misses you.
You whack the skeletal warrior! You freeze the skeletal warrior.
The skeletal warrior is severely damaged.
You whack the skeletal warrior! You freeze the skeletal warrior.
The skeletal warrior is almost destroyed.
You hit the skeletal warrior but do no damage.
The skeletal warrior is almost destroyed.
The skeletal warrior hits you with a +0 flail.
* * * LOW HITPOINT WARNING * * *
You feel better.
You block the skeletal warrior's attack.
The skeletal warrior hits you from afar with a +0 trident!
* * * LOW HITPOINT WARNING * * *
The skeletal warrior hits you but does no damage.
You thrash the skeletal warrior!!
You destroy the skeletal warrior!
Okawaru accepts your kill.
The skeletal warrior hits you with a +0 short sword.
* * * LOW HITPOINT WARNING * * *
You fade into invisibility!
The skeletal warrior hits you from afar with a +0 trident!
You die...

#.......# #...z...#
##### #.[z.z..# #...#
...?...# #.>.# ......#
#...# .... #.∩.# ###'#
#...# #)zz# #######
#@### #.....# ###[#
####.### #...# ...)..#
##.######### ..))..#
#..........# ≈≈≈8..#
#..........# ≈≈8≈..#
#..........#
'.≈≈).#######..........#
#.≈≈.......##..........#


You could see 2 skeletal warriors.

Vanquished Creatures
  3 boulder beetles
  5 two-headed ogres
  A tengu warrior (D:10)
  3 skeletal warriors (D:12)
  An orc knight (D:10)
  A necromancer (D:11)
  3 cyclopes
  An ugly thing (D:12)
  2 gargoyles
  A komodo dragon (D:12)
  2 trolls (D:12)
  A hornet (D:9)
  2 shadows
  A water elemental (D:12)
  2 wyverns (D:9)
  A wraith (D:11)
  25 yaks
  A steam dragon (D:9)
  2 water moccasins (D:6)
  A hornet zombie (D:5)
  2 sky beasts
  2 black bears
  7 orc warriors
  2 ice beasts
  5 ogres
  6 centaurs
  3 phantoms
  A kobold brigand (D:9)
  5 bullfrogs
  A wyvern zombie (D:8)
  A gnoll sergeant (D:10)
  10 scorpions
  A water moccasin skeleton (D:5)
  2 water moccasin zombies (D:5)
  13 killer bees
  4 howler monkeys
  2 electric eels
  4 crimson imps (D:5)
  5 centaur zombies
  3 hounds
  7 orc priests
  A gnoll shaman (D:8)
  Ijyb (D:5)
  4 bullfrog skeletons
  6 iguanas
  A scorpion zombie (D:5)
  8 orc wizards
  A polar bear simulacrum (D:11)
  3 yak simulacra (D:11)
  3 wolf simulacra (D:11)
  A killer bee zombie (D:9)
  A human simulacrum (D:10)
  2 howler monkey zombies
  8 gnolls
  5 adders
  A howler monkey skeleton (D:5)
  A shadow imp (D:5)
  A white imp (D:5)
  4 ufetubi
  2 adder skeletons
  6 dart slugs
  2 worms
  44 orcs
  5 ball pythons
  4 bats
  8 endoplasms
  5 giant cockroaches
  11 goblins
  8 hobgoblins
  14 kobolds
  6 quokkas
  3 frilled lizards (D:1)
  5 rats
  4 river rat simulacra (D:11)
324 creatures vanquished.

Vanquished Creatures (others)
  A warg (D:10)
  An orc warrior (D:10)
  A human simulacrum (D:10)
  11 fungi (D:12)
14 creatures vanquished.

Grand Total: 338 creatures vanquished

Notes
Turn   | Place    | Note
-------+----------+-------------------------------------------
     0 | D:1      | austinbyrn the Gargoyle Fighter began the quest for the
                  | Orb.
     0 | D:1      | Reached XP level 1. HP: 14/14 MP: 1/1
    91 | D:1      | Reached XP level 2. HP: 19/19 MP: 2/2
   158 | D:1      | Found a faded altar of an unknown god.
   598 | D:1      | Reached XP level 3. HP: 24/24 MP: 3/3
  1404 | D:2      | Reached skill level 4 in Shields
  1947 | D:3      | Reached XP level 4. HP: 29/29 MP: 4/4
  1987 | D:3      | Noticed a black bear
  1996 | D:3      | Killed a black bear
  1997 | D:3      | Reached XP level 5. HP: 34/34 MP: 5/5
  2454 | D:3      | Reached XP level 6. HP: 39/40 MP: 6/6
  2682 | D:3      | Reached skill level 5 in Fighting
  2830 | D:3      | Reached skill level 5 in Shields
  3814 | D:4      | Reached XP level 7. HP: 34/45 MP: 7/7
  4288 | D:4      | Found Heotavie's Weapon Shop.
  4399 | D:4      | Reached skill level 5 in Maces & Flails
  4399 | D:4      | Reached skill level 6 in Shields
  4597 | D:5      | Entered Level 5 of the Dungeon
  4749 | D:5      | Found a shimmering altar of Xom.
  4768 | D:5      | Reached XP level 8. HP: 52/52 MP: 8/8
  5462 | D:5      | Noticed Ijyb
  5481 | D:5      | Killed Ijyb
  5547 | D:5      | Reached skill level 7 in Shields
  6942 | D:5      | Reached XP level 9. HP: 24/59 MP: 9/9
  7242 | D:5      | Identified the +1 ring mail "Vautho Adak" {rF+ Int+2}
  7453 | D:5      | Reached skill level 8 in Shields
  7584 | D:6      | Found a staircase to the Ecumenical Temple.
  7605 | Temple   | Entered the Ecumenical Temple
  7694 | Temple   | Became a worshipper of Warmaster Okawaru
  7869 | D:6      | Noticed a gargoyle
  7890 | D:6      | Killed a gargoyle
  7890 | D:6      | Reached * piety under Okawaru
  8393 | D:6      | Reached skill level 1 in Invocations
  8467 | D:6      | Noticed a two-headed ogre
  8743 | D:5      | Identified a scroll of acquirement
  8743 | D:5      | Acquired a +3 demon whip of freezing
  8881 | D:6      | Found an ornate altar of the Wu Jian Council.
  9160 | D:6      | Reached skill level 5 in Armour
  9164 | D:6      | Reached XP level 10. HP: 66/66 MP: 11/11
  9245 | D:6      | Killed a two-headed ogre
  9245 | D:6      | Reached ** piety under Okawaru
  9246 | D:6      | Reached skill level 9 in Shields
  9298 | D:7      | Found the amulet of the Four Winds {rN+ Will+++ Clar}
  9570 | D:7      | You fall into a shaft and drop 1 floor!
 10090 | D:8      | Found a flagged portal.
 10099 | Bailey   | Entered a bailey
 10099 | Bailey   | Noticed an orc knight
 10100 | Bailey   | Noticed an orc knight
 10984 | D:9      | Reached *** piety under Okawaru
 11136 | D:9      | Reached skill level 10 in Shields
 11586 | D:9      | Noticed a boulder beetle
 11606 | D:9      | Killed a boulder beetle
 11607 | D:9      | Reached XP level 11. HP: 29/72 MP: 11/14
 12174 | D:10     | Entered Level 10 of the Dungeon
 12386 | D:9      | Received a gift from Okawaru
 12491 | D:10     | Identified the +2 cloak of Waohatzo {Dex+2}
 12518 | D:10     | Noticed a two-headed ogre
 12533 | D:10     | Killed a two-headed ogre
 12562 | D:10     | Noticed an orc knight
 12581 | D:10     | Killed an orc knight
 12582 | D:10     | Reached skill level 5 in Invocations
 12624 | D:10     | Reached **** piety under Okawaru
 12779 | D:10     | Reached skill level 10 in Fighting
 12892 | D:10     | Found a staircase to the Lair.
 13028 | D:10     | Reached skill level 11 in Shields
 13041 | D:10     | Reached skill level 10 in Maces & Flails
 13745 | D:11     | Noticed a cyclops
 13745 | D:11     | Noticed a tengu warrior
 13803 | D:10     | Killed a tengu warrior
 13803 | D:10     | Reached ***** piety under Okawaru
 14310 | D:11     | Noticed a two-headed ogre
 14325 | D:11     | Killed a two-headed ogre
 14363 | D:11     | Received a gift from Okawaru
 14478 | D:11     | Reached XP level 12. HP: 78/78 MP: 15/15
 15345 | D:11     | Reached skill level 12 in Shields
 16089 | D:12     | Noticed a two-headed ogre
 16098 | D:12     | Killed a two-headed ogre
 16429 | D:12     | Noticed a two-headed ogre
 16437 | D:12     | Killed a two-headed ogre
 16761 | D:12     | Found Ismumuocw's Distillery.
 16917 | D:12     | Noticed a boulder beetle
 16941 | D:12     | Killed a boulder beetle
 17038 | D:12     | Noticed a boulder beetle
 17066 | D:12     | Killed a boulder beetle
 17263 | D:12     | Received a gift from Okawaru
 17303 | D:12     | Mangled by a skeletal warrior

Illustrated notes

Levels and vault maps discovered:
D:1:      scummos_arrival_star, layout_loops_ring,
          shapermc_ecumenical_altar_totnotflames
D:2:      layout_loops_ring, st_stairs_12
D:3:      layout_loops_ring, kennysheep_generic_room_14
D:4:      layout_cave_pools, serial_shops, shop
D:5:      minmay_chambers_of_threes, layout_basic, led_xom_imps, uniq_ijyb
D:6:      minmay_diamond_boxcup, layout_loops_cross, kennysheep_mini,
          minmay_temple_entry_wispy
D:7:      layout_basic
D:8:      layout_gridville, enter_bailey_5
D:9:      layout_grid_maze, grunt_ministairs_5, minmay_between
D:10:     layout_cave_pods, lair_entry_dummy, fountainhead, bh_circular_ruins
D:11:     kennysheep_big_flooded_room, layout_stronghold, eino_house_with_fridge
D:12:     layout_roguey, erik_orc_2, serial_shops, nicolae_take_the_stairs,
          fungi_pond_lemuel
Temple:   regret_index_temple_chain_breaker

Skill      XL: |  1  2  3  4  5  6  7  8  9 10 11 12 |
---------------+-------------------------------------+-----
Fighting       | 4 5 6 7 9 10 11 | 11.1
Shields        | 4 5 6 7 8 10 11 12 | 12.8
Maces & Flails | 3 4 5 6 7 9 10 11 | 11.7
Armour         | 5 6 7 8 |  8.8
Invocations    | 2 4 5 6 |  6.6

Action                   |  1- 3 |  4- 6 |  7- 9 | 10-12 || total
-------------------------+-------+-------+-------+-------++-------
Melee: Flail             |   157 |    45 |       |       ||   202
       Whip              |       |   125 |   845 |       ||   970
       Demon whip        |       |       |    52 |   648 ||   700
Throw: Dart              |       |     5 |    13 |    38 ||    56
       Javelin           |       |       |       |     5 ||     5
Invok: Heroism           |       |       |     1 |     5 ||     6
       Finesse           |       |       |       |     1 ||     1
  Use: Scroll            |       |       |    14 |     9 ||    23
       Potion            |       |       |     3 |     5 ||     8
Armor: Scale mail        |    75 |    86 |   267 |       ||   428
       Ring mail         |       |       |    66 |   184 ||   250
Dodge: Dodged            |    57 |    45 |   218 |   150 ||   470
Block: Kite shield       |   100 |    80 |   401 |   329 ||   910
